 Dungeon Crawl Stone Soup version 0.29-a0-555-g3b24f45cc1 (webtiles) character file.

Game seed: 13093673820745451773

2968 valliere the Covert (level 9, -2/45 HPs)
             Began as an Octopode Hedge Wizard on June 8, 2022.
             Was a Priest of Hepliaklqana.
             Succumbed to a water moccasin's poison
             ... on level 8 of the Dungeon.
             The game lasted 00:29:15 (9500 turns).

valliere the Covert (Octopode Hedge Wizard)         Turns: 9500, Time: 00:29:15

Health: -2/45      AC:  1    Str:  9    XL:     9   Next: 82%
Magic:  17/19      EV: 13    Int: 20    God:    Hepliaklqana [***...]
Gold:   392        SH:  0    Dex: 12    Spells: 10/14 levels left

rFire   + + .      SeeInvis +   D - +8 hunting sling of Bloodstone {venom, rF+ MP+9}
rCold   + . .      Faith    .   (no shield)
rNeg    . . .      Spirit   .   b - +0 hat
rPois   .          Reflect  .   B - amulet of magic regeneration
rElec   .          Harm     .   v - ring "Lolisaiv" {rF+ rC+ rCorr}
rCorr   +          Rampage  .   z - ring of see invisible
Will    +....      Clarity  +   (no ring)
Stlth   +++++++...              (no ring)
HPRegen 0.15/turn               (no ring)
MPRegen 0.56/turn               (no ring)
                                (no ring)
                                (no ring)

@: lethally poisoned (-2 -> -18), mesmerised, very slightly contaminated
A: reduced essence, almost no armour, amphibious, 8 rings, camouflage 1,
gelatinous body 1, (nimble swimmer 1), tentacles, clarity, low MP 2,
strong-willed 1
a: Renounce Religion, Recall Ancestor, Ancestor Identity, Transference


You were on level 8 of the Dungeon.
You worshipped Hepliaklqana.
Hepliaklqana was most pleased with you.
You visited 2 branches of the dungeon, and saw 9 of its levels.

You collected 392 gold pieces.

Inventory:

Hand Weapons
 a - a +0 dagger
 e - a +0 short sword
 w - a +2 dagger of flaming
 D - the +8 hunting sling of Bloodstone (weapon) {venom, rF+ MP+9}
   (You found it on level 5 of the Dungeon)

   Any ammunition fired from it poisons the flesh of those it strikes.
   rF:        It protects you from fire.
   MP:        It affects your magic capacity (+9).
Missiles
 n - 2 silver boomerangs
 C - 2 throwing nets
Armour
 b - a +0 hat (worn)
Jewellery
 v - the ring "Lolisaiv" (left tentacle) {rF+ rC+ rCorr}
   (You found it on level 3 of the Dungeon)

   [ring of protection from fire]

   rF:        It protects you from fire.
   rC:        It protects you from cold.
   rCorr:     It protects you from acid and corrosion.
 z - a ring of see invisible (right tentacle)
 B - an amulet of magic regeneration (around mantle)
 G - an amulet of faith
Wands
 o - a wand of flame (20)
 t - a wand of acid (3)
 H - a wand of iceblast (2)
Scrolls
 g - 5 scrolls of vulnerability {unknown}
 h - 5 scrolls of teleportation
 p - 2 scrolls of immolation {unknown}
 s - a scroll of fog {unknown}
 x - 3 scrolls of identify
 y - a scroll of brand weapon {unknown}
 A - a scroll of enchant weapon {unknown}
 E - a scroll of fear {unknown}
 F - a scroll of amnesia {unknown}
 I - 2 scrolls of enchant armour {unknown}
 K - a scroll of torment {unknown}
Potions
 c - 2 potions of magic
 d - 2 potions of attraction {unknown}
 f - 2 potions of cancellation {unknown}
 i - 3 potions of curing {unknown}
 j - a potion of haste {unknown}
 k - 2 potions of mutation
 l - 2 potions of heal wounds {unknown}
 m - 2 potions of lignification {unknown}
 q - 3 potions of might {unknown}
 r - 2 potions of degeneration {unknown}
 u - 2 potions of brilliance {unknown}
 J - a potion of berserk rage {unknown}


   Skills:
 - Level 2.0 Dodging
 * Level 14.4 Stealth
 - Level 3.0 Spellcasting
 - Level 5.2 Conjurations
 - Level 1.0 Summonings
 - Level 1.0 Translocations
 + Level 7.9 Poison Magic


You had 10 spell levels left.
You knew the following spells:

 Your Spells              Type           Power      Damage    Failure   Level
a - Magic Dart            Conj           96%        1d7       1%          1
b - Mephitic Cloud        Conj/Pois/Air  20%        N/A       7%          3

Your spell library contained the following spells:

 Spells                   Type           Power      Damage    Failure   Level
 Spider Form              Tmut/Pois      18%        N/A       9%          3
 Apportation              Tloc           14%        N/A       10%         1
 Summon Small Mammal      Summ           28%        N/A       10%         1
 Beastly Appendage        Tmut           6%         N/A       14%         1
 Necrotize                Necr           12%        1d4       14%         1
 Slow                     Hex            12%        N/A       14%         1
 Blink                    Tloc           14%        N/A       14%         2
 Call Imp                 Summ           7%         N/A       14%         2
 Conjure Flame            Conj/Fire      13%        6-21      14%         3
 Wereblood                Tmut           3%         N/A       22%         2


Dungeon Overview and Level Annotations

Branches:
Dungeon (8/15)             Temple (1/1) D:4
   Lair: D:8-11

Altars:
Cheibriados
Hepliaklqana
Kikubaaqudgha
Makhleb
Nemelex Xobeh
Okawaru
Qazlal
Ru
Sif Muna
Trog
Uskayaw
Wu Jian
Yredelemnul
Zin
Lugonu

Shops:
D:4 !

Annotations:
D:8 Maggie


Innate Abilities, Weirdness & Mutations

Your life essence is reduced to manifest your ancestor. (-10% HP)
You cannot wear most types of armour.
You are amphibious.
You can wear up to eight rings at the same time.
Your skin changes colour to match your surroundings (Stealth+).
Your rubbery body absorbs attacks. (AC +1, EV +1)
((You are camouflaged when in or above water. (Stealth+)))
You have tentacles for arms and can constrict up to eight enemies at once.
You possess an exceptional clarity of mind.
Your magical capacity is very low. (-20% MP)
You are strong-willed. (Will+)


Message History

Confirm with . or Enter, or press ? or * to list all spells.
Aiming: Magic Dart (safe; 1% risk of failure)
Press: ? - help, Shift-Dir - straight line, f/p - water moccasin
Aim: a water moccasin (moderately wounded, 100% to hit)
The magic dart hits the water moccasin.
The water moccasin is heavily wounded.
You feel very sick. The water moccasin bites you!
You are lethally poisoned!
The water moccasin poisons you! The water moccasin barely misses you.
Laslo barely misses Maggie.
Maggie says to Laslo, "Leave now, and tell all of Margery's mercy!"
Laslo blocks Maggie's attack.
Casting: Magic Dart (safe; 1% risk of failure)
Confirm with . or Enter, or press ? or * to list all spells.
Aiming: Magic Dart (safe; 1% risk of failure)
Press: ? - help, Shift-Dir - straight line, f/p - water moccasin
Aim: a water moccasin (heavily wounded, 100% to hit)
The magic dart hits the water moccasin.
The water moccasin is severely wounded.
You feel very sick. The water moccasin bites you.
* * * LOW HITPOINT WARNING * * *
Laslo barely misses Maggie.
Laslo blocks Maggie's attack.
Okay, then.
As you read the scroll labelled NEXETHRYSTRI, it crumbles to dust.
It is a scroll of identify.
h - 5 scrolls of teleportation
* * * LOW HITPOINT WARNING * * *
You feel very sick. The water moccasin misses you.
Laslo hits Maggie with a +0 flail!
The water moccasin bites you!
* * * LOW HITPOINT WARNING * * *
Maggie hits Laslo with a +1 broad axe of flaming.
Okay, then.
Okay, then.
It was a potion of mutation.
You feel extremely strange.
Your thoughts seem clearer.
You feel less energetic. x2
You feel strong-willed.
You die...

#.#############.....#
#.#.................#
#.#.................#
#.#.................#
#.####...........[..#
#.# #..............####
#.####)............)...#
#.....).......#S...)...#
######........#.@R.....#
#........####@)...#
#........# #.....#
#......... .......#
########..........#
#.>........#
#@.........#
............
#.....#######


You could see the friendly Laslo the knight, Maggie (mesmerising, distracted,
ally target) and a water moccasin.

Vanquished Creatures
  An ice beast (D:7)
  A black bear (D:7)
  A kobold brigand (D:7)
  A necrophage (D:6)
  A scorpion (D:6)
  5 wights
  A howler monkey (D:6)
  A jelly (D:6)
  A gnoll shaman (D:5)
  2 orc priests
  Jessica (D:2)
  An iguana (D:5)
  4 gnolls (D:5)
  2 adders
  4 worms
  3 dart slugs
  10 orcs
  A bat (D:1)
  2 endoplasms
  2 giant cockroaches
  6 goblins
  3 hobgoblins
  10 jackals
  6 quokkas
  9 ball pythons
  10 kobolds
  3 rats
92 creatures vanquished.

Vanquished Creatures (collateral kills)
  A shadow (D:8)
  4 yaks (D:8)
  A steam dragon (D:7)
  An orc warrior (D:8)
  A black bear (D:7)
  2 ice beasts (D:6)
  An ogre (D:5)
  A kobold brigand (D:6)
  3 scorpions
  A bullfrog (D:7)
  2 wights (D:8)
  An electric eel (D:6)
  2 orc priests (D:7)
  A jelly (D:6)
  2 iguanas (D:6)
  A mummy (D:7)
  4 gnolls (D:5)
  2 adders
  2 shadow imps
  2 worms (D:4)
  9 orcs
  2 kobolds (D:7)
46 creatures vanquished.

Vanquished Creatures (others)
  A knight (D:6)
  7 ancestors
  4 plants (D:6)
12 creatures vanquished.

Grand Total: 150 creatures vanquished

Notes
Turn   | Place    | Note
-------+----------+-------------------------------------------
     0 | D:1      | valliere the Octopode Hedge Wizard began the quest for the
                  | Orb.
     0 | D:1      | Reached XP level 1. HP: 11/11 MP: 4/4
   465 | D:1      | Reached skill level 3 in Stealth
   582 | D:1      | Reached XP level 2. HP: 17/17 MP: 3/6
  1497 | D:2      | Reached XP level 3. HP: 21/21 MP: 3/7
  1808 | D:2      | Noticed Jessica
  1819 | D:2      | HP: 1/21 [Jessica/+0 club (4)]
  1821 | D:2      | Killed Jessica
  1822 | D:2      | Reached skill level 4 in Stealth
  1822 | D:2      | Reached XP level 4. HP: 1/27 MP: 0/8
  2764 | D:3      | Identified the ring "Lolisaiv" {rF+ rC+ rCorr}
  2810 | D:3      | Found a burning altar of Makhleb.
  3133 | D:3      | Found a faded altar of an unknown god.
  3351 | D:4      | Found an iron altar of Okawaru.
  3425 | D:4      | Found a staircase to the Ecumenical Temple.
  3436 | Temple   | Entered the Ecumenical Temple
  3480 | Temple   | Became a worshipper of Hepliaklqana the Forgotten
  3663 | D:4      | Found Redd's Distillery.
  3838 | D:4      | Reached XP level 5. HP: 10/31 MP: 1/9
  3842 | D:4      | Learned a level 3 spell: Mephitic Cloud
  4089 | D:4      | Reached * piety under Hepliaklqana
  4249 | D:4      | Reached skill level 5 in Stealth
  4653 | D:4      | Reached XP level 6. HP: 28/32 MP: 6/10
  4787 | D:4      | Reached skill level 5 in Conjurations
  5067 | D:5      | Entered Level 5 of the Dungeon
  5181 | D:5      | Reached skill level 6 in Stealth
  5417 | D:5      | Reached skill level 1 in Poison Magic
  5511 | D:5      | Reached skill level 7 in Stealth
  5511 | D:5      | Reached XP level 7. HP: 36/36 MP: 7/11
  5553 | D:5      | Found a basalt altar of Yredelemnul.
  6139 | D:5      | Identified the +8 hunting sling of Bloodstone {venom, rF+
                  | MP+9}
  6315 | D:6      | Reached skill level 8 in Stealth
  6525 | D:6      | Reached ** piety under Hepliaklqana
  6527 | D:6      | Remembered your ancestor Laslo as a knight
  6536 | D:6      | Reached skill level 9 in Stealth
  6536 | D:6      | Reached XP level 8. HP: 41/41 MP: 12/12
  6684 | D:6      | Reached skill level 10 in Stealth
  7027 | D:6      | Reached skill level 5 in Poison Magic
  7219 | D:6      | Found an ornate altar of the Wu Jian Council.
  7427 | D:7      | Reached skill level 11 in Stealth
  7529 | D:7      | Found a snail-covered altar of Cheibriados.
  7649 | D:7      | Found a stormy altar of Qazlal.
  7699 | D:7      | Reached skill level 12 in Stealth
  7699 | D:7      | Reached XP level 9. HP: 45/45 MP: 13/13
  8089 | D:7      | Reached *** piety under Hepliaklqana
  8392 | D:7      | Found a shimmering blue altar of Sif Muna.
  8977 | D:8      | Reached skill level 13 in Stealth
  9421 | D:8      | Reached skill level 14 in Stealth
  9480 | D:8      | Noticed Maggie
  9499 | D:8      | HP: 1/45 [water moccasin (7)]
  9500 | D:8      | Gained mutation: You possess an exceptional clarity of
                  | mind. [potion of mutation]
  9500 | D:8      | Gained mutation: Your magical capacity is low. (-10% MP)
                  | [potion of mutation]
  9500 | D:8      | Gained mutation: Your magical capacity is very low. (-20%
                  | MP) [potion of mutation]
  9500 | D:8      | Gained mutation: You are strong-willed. (Will+) [potion of
                  | mutation]
  9500 | D:8      | Succumbed to a water moccasin's poison

Illustrated notes

Levels and vault maps discovered:
D:1:      matt_arrival_spirals, layout_rooms
D:2:      layout_loops_ring, kennysheep_jessica_study
D:3:      layout_rooms, bloody_makhleb, basic_ecumenical_altar
D:4:      layout_gridville, mainiacjoe_overflow_catwalk,
          minmay_temple_entry_overgrown, serial_shops,
          nicolae_shop_hallway_plus, minivault_23, nicolae_wormholes
D:5:      layout_basic, mainiacjoe_overflow_paths
D:6:      layout_cave_pools, nicolae_wu_jian_immortal_techniques,
          roderic_cross_of_infinity, st_stairs_5, minmay_misc_feat_cross,
          serial_bayou_lagoon_b
D:7:      layout_layer_cave, slow_altar_1, mainiacjoe_overflow_alcove_2,
          nicolae_sif_muna_little_library
D:8:      layout_basic, mainiacjoe_overflow_brackets,
          grunt_temple_overflow_open, mainiacjoe_overflow_divided_tiny,
          uniq_maggie
Temple:   corrupted_temple

Skill      XL: |  1  2  3  4  5  6  7  8  9 |
---------------+----------------------------+-----
Stealth        | 3 4 5 7 9 12 14 | 14.4
Conjurations   | 2 3 4 5 |  5.2
Poison Magic   | 2 3 6 7 |  7.9
Dodging        | |  2.0
Spellcasting   | |  3.0
Summonings     | |  1.0
Translocations | |  1.0

Action                   |  1- 3 |  4- 6 |  7- 9 || total
-------------------------+-------+-------+-------++-------
Melee: Dagger            |    21 |    21 |     2 ||    44
       Constrict         |     6 |     7 |     3 ||    16
       Tentacles         |     4 |     5 |     2 ||    11
       Hunting sling     |       |       |     5 ||     5
 Cast: Magic Dart        |    66 |   158 |   198 ||   422
       Mephitic Cloud    |       |       |     6 ||     6
Invok: Ancestor Life: Kn |       |       |     1 ||     1
       Transference      |       |       |     2 ||     2
  Use: Scroll            |       |       |     1 ||     1
       Potion            |       |       |     1 ||     1
 Stab: Sleeping          |       |       |     1 ||     1
       Confused          |       |       |     1 ||     1
Armor: Skin              |     2 |       |     1 ||     3
Dodge: Dodged            |    18 |    15 |    21 ||    54

Table legend: (Time is in decaauts)
 A = Elapsed time spent in this place.
 B = Non-inter-level travel time spent in this place.
 C = Inter-level travel time spent in this place.
 D = Time resting spent in this place.
 E = Time spent auto-exploring this place.
 F = Levels seen in this place.
 G = Mean time per level.
                   A        B        C        D        E       F      G
               +--------+--------+--------+--------+--------+-----+--------+
         Total |   9501 |   9251 |    250 |    899 |   7042 |   9 | 1055.7 |
       Dungeon |   9440 |   9205 |    235 |    899 |   7019 |   8 | 1180.0 |
        Temple |     60 |     45 |     15 |      0 |     23 |   1 |   60.0 |
               +--------+--------+--------+--------+--------+-----+--------+

Top non-repeatable levels by time:
     D:4: 2119 daAuts
     D:7: 1789 daAuts
     D:2: 1552 daAuts
     D:6: 1134 daAuts
     D:1: 955 daAuts
     D:5: 842 daAuts
     D:3: 739 daAuts
     D:8: 306 daAuts
  Temple: 60 daAuts
